SA
YELLOWKNIFE DRAGONBLOOD @ HOGSMEADE CAULDRONS
09/05/2031
 
TOP OF THE 1ST
Yellowknife Dragonblood batting - Pitching for Hogsmeade Cauldrons : RHP Chris Hughes
Pitching: RHP Chris Hughes
Batting: RHB Víctor Murguia 0-0: Called Strike
0-1: Ball
1-1: Fly out, F6 (Popup, 6M)
Batting: SHB Gerrie Bond 0-0: Ball
1-0: Ball
2-0: Swinging Strike
2-1: Ball
3-1: Foul Ball, location: 2F
3-2: Foul Ball, location: 2F
3-2: Strikes out swinging
Batting: SHB Miklos Elias 0-0: Foul Ball, location: 2F
0-1: Ball
1-1: Foul Ball, location: 2F
1-2: Ball
2-2: Strikes out swinging
Top of the 1st over - 0 runs, 0 hits, 0 errors, 0 left on base; Yellowknife 0 - Hogsmeade 0
BOTTOM OF THE 1ST
Hogsmeade Cauldrons batting - Pitching for Yellowknife Dragonblood : LHP Tony Torres
Pitching: LHP Tony Torres
Batting: RHB Nelson Rivera 0-0: Ball
1-0: Called Strike
1-1: Ball
2-1: Ball
3-1: Base on Balls
Batting: LHB Jin-yong Myung 0-0: Ball
1-0: Called Strike
Nelson Rivera steals 2nd base
1-1: Fly out, F9 (Flyball, 9)
Batting: RHB Mariano Saelices 0-0: Foul Ball, location: 2F
0-1: Called Strike
0-2: Strikes out swinging
Batting: RHB Charles Basle 0-0: Ball
1-0: Fly out, F9 (Flyball, 9S)
Bottom of the 1st over - 0 runs, 0 hits, 0 errors, 1 left on base; Yellowknife 0 - Hogsmeade 0
TOP OF THE 2ND
Yellowknife Dragonblood batting - Pitching for Hogsmeade Cauldrons : RHP Chris Hughes
Batting: SHB Paul Graves 0-0: Foul Ball, location: 2F
0-1: Ball
1-1: DOUBLE (Flyball, 8RD)
Batting: RHB Bill Boyd 0-0: Ground out 2-3 (Groundball, 15S)
Paul Graves to third
Batting: RHB Fernando González 0-0: Called Strike
0-1: SINGLE (Flyball, 9S)
Paul Graves scores
Batting: SHB Jim Dunleavy 0-0: Called Strike
0-1: SINGLE (Flyball, 8LS)
Fernando González to second
Batting: RHB Andy Garnet 0-0: Ball
1-0: Foul Ball, location: 2F
1-1: SINGLE (Flyball, 9S)
Fernando González to third
Jim Dunleavy to second
Batting: RHB Orlando Moruga 0-0: Fly out, F7 (Flyball, 7S)
Batting: RHB Víctor Murguia 0-0: Ball
1-0: Called Strike
1-1: Fielders Choice at 2nd, 5-4 (Groundball, 5)
Top of the 2nd over - 1 run, 4 hits, 0 errors, 3 left on base; Yellowknife 1 - Hogsmeade 0
BOTTOM OF THE 2ND
Hogsmeade Cauldrons batting - Pitching for Yellowknife Dragonblood : LHP Tony Torres
Batting: RHB Lu Tsai 0-0: Foul Ball, location: 2F
0-1: Ball
1-1: SINGLE (Groundball, 6MD)
Batting: RHB Diederick Tuiters 0-0: Ball
1-0: Swinging Strike
1-1: Ball
2-1: Grounds into double play, 4-6-3 (Groundball, 4)
Batting: RHB Manyara Akintola 0-0: Ball
1-0: Foul Ball, location: 2F
1-1: Ground out 6-3 (Groundball, 56)
Bottom of the 2nd over - 0 runs, 1 hit, 0 errors, 0 left on base; Yellowknife 1 - Hogsmeade 0
TOP OF THE 3RD
Yellowknife Dragonblood batting - Pitching for Hogsmeade Cauldrons : RHP Chris Hughes
Batting: SHB Gerrie Bond 0-0: Ball
1-0: DOUBLE (Flyball, 9D)
Batting: SHB Miklos Elias 0-0: Called Strike
0-1: Ball
1-1: Ball
2-1: Foul Ball, location: 2F
2-2: Ball
3-2: DOUBLE (Groundball, 3L)
Gerrie Bond scores
Batting: SHB Paul Graves 0-0: Fly out, F9 (Flyball, 89M)
Batting: RHB Bill Boyd 0-0: Ball
1-0: Ground out 6-3 (Groundball, 56)
Batting: RHB Fernando González 0-0: Called Strike
0-1: Called Strike
0-2: Strikes out swinging
Top of the 3rd over - 1 run, 2 hits, 0 errors, 1 left on base; Yellowknife 2 - Hogsmeade 0
BOTTOM OF THE 3RD
Hogsmeade Cauldrons batting - Pitching for Yellowknife Dragonblood : LHP Tony Torres
Batting: RHB Jean Couturier 0-0: Called Strike
0-1: Called Strike
0-2: Ball
1-2: Foul Ball, location: 2F
1-2: Strikes out looking
Batting: LHB Ewan Manshert 0-0: Called Strike
0-1: Ground out 5-3 (Groundball, 5L)
Batting: RHB Nelson Rivera 0-0: Foul Ball, location: 2F
0-1: Bunt for hit - play at first, batter OUT! 1-3
Bottom of the 3rd over - 0 runs, 0 hits, 0 errors, 0 left on base; Yellowknife 2 - Hogsmeade 0
TOP OF THE 4TH
Yellowknife Dragonblood batting - Pitching for Hogsmeade Cauldrons : RHP Chris Hughes
Batting: SHB Jim Dunleavy 0-0: Foul Ball, location: 2F
0-1: Foul Ball, location: 2F
0-2: Strikes out swinging
Batting: RHB Andy Garnet 0-0: Foul Ball, location: 2F
0-1: Single, Error in OF, E7, batter to second base
Batting: RHB Orlando Moruga 0-0: Ball
1-0: Foul Ball, location: 2F
1-1: Foul Ball, location: 2F
1-2: Ball
2-2: Foul Ball, location: 2F
2-2: Foul Ball, location: 2F
2-2: Foul Ball, location: 2F
2-2: Hit by Pitch
Batting: RHB Víctor Murguia 0-0: Foul Ball, location: 2F
0-1: Foul Ball, location: 2F
0-2: Ball
1-2: Strikes out swinging
Batting: SHB Gerrie Bond 0-0: Swinging Strike
0-1: Ball
1-1: Called Strike
1-2: Strikes out swinging
Top of the 4th over - 0 runs, 1 hit, 1 error, 2 left on base; Yellowknife 2 - Hogsmeade 0
BOTTOM OF THE 4TH
Hogsmeade Cauldrons batting - Pitching for Yellowknife Dragonblood : LHP Tony Torres
Batting: LHB Jin-yong Myung 0-0: Ball
1-0: Foul Ball, location: 2F
1-1: Ground out 4-3 (Groundball, 4)
Batting: RHB Mariano Saelices 0-0: Called Strike
0-1: Foul Ball, location: 2F
0-2: Foul Ball, location: 2F
0-2: Ball
1-2: Foul Ball, location: 2F
1-2: Strikes out swinging
Batting: RHB Charles Basle 0-0: Swinging Strike
0-1: Swinging Strike
0-2: Ball
1-2: Strikes out swinging
Bottom of the 4th over - 0 runs, 0 hits, 0 errors, 0 left on base; Yellowknife 2 - Hogsmeade 0
TOP OF THE 5TH
Yellowknife Dragonblood batting - Pitching for Hogsmeade Cauldrons : RHP Chris Hughes
Batting: SHB Miklos Elias 0-0: Ball
1-0: Swinging Strike
1-1: Ball
2-1: Foul Ball, location: 2F
2-2: Foul Ball, location: 2F
2-2: Ground out 6-3 (Groundball, 6)
Batting: SHB Paul Graves 0-0: Ground out U3 (Groundball, 3)
Batting: RHB Bill Boyd 0-0: Ball
1-0: SINGLE (Flyball, 8LS)
Batting: RHB Fernando González 0-0: Ball
1-0: Swinging Strike
1-1: Fly out, F9 (Flyball, 89S)
Top of the 5th over - 0 runs, 1 hit, 0 errors, 1 left on base; Yellowknife 2 - Hogsmeade 0
BOTTOM OF THE 5TH
Hogsmeade Cauldrons batting - Pitching for Yellowknife Dragonblood : LHP Tony Torres
Batting: RHB Lu Tsai 0-0: Ground out 1-3 (Groundball, 15S)
Batting: RHB Diederick Tuiters 0-0: Bunt - Flyout! F2
Batting: RHB Manyara Akintola 0-0: Called Strike
0-1: Reached via error on a dropped throw, E3
Batting: RHB Jean Couturier 0-0: Swinging Strike
0-1: Called Strike
0-2: Fly out, F7 (Flyball, 78M)
Bottom of the 5th over - 0 runs, 0 hits, 1 error, 1 left on base; Yellowknife 2 - Hogsmeade 0
TOP OF THE 6TH
Yellowknife Dragonblood batting - Pitching for Hogsmeade Cauldrons : RHP Chris Hughes
Batting: SHB Jim Dunleavy 0-0: SINGLE (Line Drive, 5L)
Batting: RHB Andy Garnet 0-0: Ball
1-0: Foul Ball, location: 2F
1-1: Ball
2-1: Foul Ball, location: 2F
2-2: 2-RUN HOME RUN (Flyball, 7D), Distance : 411 ft
Batting: RHB Orlando Moruga 0-0: Called Strike
0-1: Ball
1-1: Ball
2-1: SINGLE (Line Drive, 6MD)
Batting: RHB Víctor Murguia 0-0: Called Strike
0-1: Ball
1-1: Fly out, F7 (Flyball, 7D)
Batting: SHB Gerrie Bond 0-0: Ball
1-0: Grounds into double play, 6-4-3 (Groundball, 6)
Top of the 6th over - 2 runs, 3 hits, 0 errors, 0 left on base; Yellowknife 4 - Hogsmeade 0
BOTTOM OF THE 6TH
Hogsmeade Cauldrons batting - Pitching for Yellowknife Dragonblood : LHP Tony Torres
Batting: LHB Ewan Manshert 0-0: Called Strike
0-1: Ball
1-1: Called Strike
1-2: Ball
2-2: Fly out, F8 (Flyball, 8RS)
Batting: RHB Nelson Rivera 0-0: Ball
1-0: Foul Ball, location: 2F
1-1: Ball
2-1: Called Strike
2-2: Ground out 6-3 (Groundball, 6)
Batting: LHB Jin-yong Myung 0-0: Ball
1-0: Called Strike
1-1: Foul Ball, location: 2F
1-2: Strikes out swinging
Bottom of the 6th over - 0 runs, 0 hits, 0 errors, 0 left on base; Yellowknife 4 - Hogsmeade 0
TOP OF THE 7TH
Yellowknife Dragonblood batting - Pitching for Hogsmeade Cauldrons : RHP Chris Hughes
Batting: SHB Miklos Elias 0-0: Ball
1-0: Called Strike
1-1: SINGLE (Line Drive, 8LS)
Batting: SHB Paul Graves 0-0: Ball
1-0: Called Strike
1-1: Foul Ball, location: 2F
1-2: Ball
2-2: SINGLE (Groundball, 3) (infield hit)
Miklos Elias to second
Batting: RHB Bill Boyd 0-0: Ball
1-0: Swinging Strike
1-1: Foul Ball, location: 2F
1-2: Strikes out swinging
Pitching: RHP Carlos Villegas
Batting: RHB Fernando González 0-0: Foul Ball, location: 2F
0-1: Called Strike
0-2: Fly out, F9 (Flyball, 9LM)
Batting: SHB Jim Dunleavy 0-0: Swinging Strike
0-1: Foul Ball, location: 2F
0-2: Ball
1-2: Foul Ball, location: 2F
1-2: Strikes out looking
Top of the 7th over - 0 runs, 2 hits, 0 errors, 2 left on base; Yellowknife 4 - Hogsmeade 0
BOTTOM OF THE 7TH
Hogsmeade Cauldrons batting - Pitching for Yellowknife Dragonblood : LHP Tony Torres
Batting: RHB Mariano Saelices 0-0: Ball
1-0: Swinging Strike
1-1: Called Strike
1-2: Foul Ball, location: 2F
1-2: Foul Ball, location: 2F
1-2: Ground out 6-3 (Groundball, 6)
Batting: RHB Charles Basle 0-0: DOUBLE (Line Drive, 9LM)
Batting: RHB Lu Tsai 0-0: Ball
1-0: DOUBLE (Line Drive, 78D)
Charles Basle scores
Batting: RHB Diederick Tuiters 0-0: Called Strike
0-1: Ball
1-1: Ball
2-1: Ball
Lu Tsai is caught stealing 3rd base
3-1: DOUBLE (Line Drive, 3D)
Batting: RHB Manyara Akintola 0-0: Ball
1-0: Ball
2-0: Fly out, F7 (Flyball, 7D)
Bottom of the 7th over - 1 run, 3 hits, 0 errors, 1 left on base; Yellowknife 4 - Hogsmeade 1
TOP OF THE 8TH
Yellowknife Dragonblood batting - Pitching for Hogsmeade Cauldrons : RHP Carlos Villegas
Batting: RHB Andy Garnet 0-0: Swinging Strike
0-1: Fly out, F8 (Flyball, 8LM)
Batting: RHB Orlando Moruga 0-0: Ball
1-0: Called Strike
1-1: Fly out, F8 (Flyball, 8RD)
Batting: RHB Víctor Murguia 0-0: Fly out, F7 (Flyball, 7D)
Top of the 8th over - 0 runs, 0 hits, 0 errors, 0 left on base; Yellowknife 4 - Hogsmeade 1
BOTTOM OF THE 8TH
Hogsmeade Cauldrons batting - Pitching for Yellowknife Dragonblood : LHP Tony Torres
Batting: RHB Jean Couturier 0-0: Ball
1-0: Called Strike
1-1: Swinging Strike
1-2: SINGLE (Flyball, 7LS)
Batting: LHB Ewan Manshert 0-0: Swinging Strike
0-1: Ball
1-1: Swinging Strike
1-2: Strikes out looking
Batting: RHB Nelson Rivera 0-0: Called Strike
0-1: SINGLE (Groundball, 6M) (infield hit)
Jean Couturier to second
Batting: LHB Jin-yong Myung 0-0: Ball
1-0: Called Strike
1-1: Ball
2-1: Ball
3-1: Swinging Strike
3-2: Strikes out swinging
Batting: RHB Mariano Saelices 0-0: Ball
1-0: Ball
2-0: Foul Ball, location: 2F
2-1: Ground out U3 (Groundball, 34)
Bottom of the 8th over - 0 runs, 2 hits, 0 errors, 2 left on base; Yellowknife 4 - Hogsmeade 1
TOP OF THE 9TH
Yellowknife Dragonblood batting - Pitching for Hogsmeade Cauldrons : RHP Carlos Villegas
Batting: SHB Gerrie Bond 0-0: Foul Ball, location: 2F
0-1: Ball
1-1: Swinging Strike
1-2: Foul Ball, location: 2F
1-2: Fly out, F6 (Popup, 6M)
Batting: SHB Miklos Elias 0-0: Ball
1-0: Foul Ball, location: 2F
1-1: Foul Ball, location: 2F
1-2: Strikes out swinging
Batting: SHB Paul Graves 0-0: Ground out 4-3 (Groundball, 4)
Top of the 9th over - 0 runs, 0 hits, 0 errors, 0 left on base; Yellowknife 4 - Hogsmeade 1
BOTTOM OF THE 9TH
Hogsmeade Cauldrons batting - Pitching for Yellowknife Dragonblood : LHP Tony Torres
Batting: RHB Charles Basle 0-0: Ball
1-0: SINGLE (Groundball, 56D)
Batting: RHB Lu Tsai 0-0: SINGLE (Flyball, 78S)
Charles Basle to second
Pinch Hitting: RHB Panas Pletnev 0-0: Ball
1-0: Called Strike
1-1: Foul Ball, location: 2F
1-2: Ball
2-2: Foul Ball, location: 2F
2-2: Foul Ball, location: 2F
2-2: Foul Ball, location: 2F
2-2: Ball
3-2: SINGLE (Groundball, 6D)
Charles Basle to third
Lu Tsai to second
Pitching: RHP Surrealiste Zhejna
Batting: RHB Manyara Akintola 0-0: Called Strike
0-1: Foul Ball, location: 2F
0-2: Grounds into double play, 6-4-3 (Groundball, 6)
Charles Basle scores
Lu Tsai to third
Pinch Hitting: LHB Bartolo Trejo 0-0: Ball
1-0: Called Strike
1-1: Ball
2-1: Called Strike
2-2: SINGLE (Groundball, 4MD)
Lu Tsai scores
Batting: LHB Ewan Manshert 0-0: Ball
1-0: Ball
2-0: Ball
3-0: Called Strike
3-1: Fly out, F2 (Popup, 13S)
Bottom of the 9th over - 2 runs, 4 hits, 0 errors, 1 left on base; Yellowknife 4 - Hogsmeade 3
Tuesday, June 12th, 2018 - OOTP Baseball 18.8 Build 76